 Dungeon Crawl Stone Soup version 0.30.1-11-g7821555f0a (webtiles) character file.

Game seed: 15880959647394359598

4706 KittyFluff the Protected (level 10, -1/94 HPs)
             Began as a Gargoyle Berserker on Nov 16, 2023.
             Was an Elder of Trog.
             Slain by a two-headed ogre
             ... wielding a +0 giant club
              (11 damage)
             ... on level 9 of the Dungeon.
             The game lasted 00:29:03 (6882 turns).

KittyFluff the Protected (Gargoyle Berserker)       Turns: 6882, Time: 00:29:04

Health: -1/94      AC: 18    Str: 30    XL:     10   Next: 45%
Magic:  10/10      EV: 13    Int:  9    God:    Trog [****..]
Gold:   337        SH:  0    Dex: 12    Spells: 9/9 levels left

rFire   + . .        G - +4 flail "Gubinuekk" {freeze, Will+ Dex+3}
rCold   + . .        (no shield)
rNeg    + + .        Q - +0 steam dragon scales
rPois   ∞            A - +0 helmet
rElec   +            E - scarf {rC+ rF+}
rCorr   .            t - +0 pair of gloves
SInv    .            I - +0 pair of boots
Will    +....        (no amulet) Stlth
                     e - +6 ring of strength
HPRegen 0.35/turn    J - ring of positive energy
MPRegen 0.12/turn

%: no passive effects
@: berserking, very quick
A: sickness immunity, AC +7, negative energy resistance 1, electricity
resistance, torment resistance 1, petrification resistance
a: Renounce Religion, Berserk, Trog's Hand, Brothers in Arms


You were on level 9 of the Dungeon.
You worshipped Trog.
Trog was greatly pleased with you.
You visited 1 branch of the dungeon, and saw 9 of its levels.

You collected 566 gold pieces.
You spent 229 gold pieces at shops.

Inventory:

Hand Weapons
 w - a +0 quarterstaff
 F - a +0 sling
 G - the +4 flail "Gubinuekk" (weapon) {freeze, Will+ Dex+3}
   (You bought it in a shop on level 5 of the Dungeon)

   Dex:       It affects your dexterity (+3).
   Will:      It increases your willpower.
Missiles
 g - 18 poisoned darts (quivered)
 s - 5 silver boomerangs
 H - 6 boomerangs
 L - a curare-tipped dart
Armour
 b - a +1 cloak
 t - a +0 pair of gloves (worn)
 z - a +0 chain mail of cold resistance
 A - a +0 helmet (worn)
 E - a scarf of resistance (worn)
 I - a +0 pair of boots (worn)
 K - a +2 robe of willpower
 M - a +2 pair of boots of rampaging
 Q - +0 steam dragon scales (worn)
Jewellery
 e - a +6 ring of strength (left hand)
 J - a ring of positive energy (right hand)
Wands
 C - a wand of digging (4)
 N - a wand of mindburst (5)
 P - a wand of iceblast (14)
Scrolls
 d - 2 scrolls of magic mapping {unknown}
 h - 2 scrolls of enchant armour {unknown}
 i - 6 scrolls of teleportation
 j - a scroll of fog {unknown}
 m - 2 scrolls of poison {unknown}
 u - 3 scrolls of blinking
 x - a scroll of brand weapon {unknown}
 O - 2 scrolls of amnesia {unknown}
Potions
 a - 4 potions of flight
 f - a potion of heal wounds
 l - 4 potions of mutation {unknown}
 n - 2 potions of ambrosia {unknown}
 o - 2 potions of berserk rage {unknown}
 p - 2 potions of attraction {unknown}
 r - 4 potions of curing {unknown}
 v - a potion of might {unknown}
 B - a potion of resistance {unknown}
 D - 2 potions of brilliance {unknown}


   Skills:
 + Level 7.0 Fighting
 * Level 8.7 Maces & Flails
 * Level 9.1 Armour
 + Level 4.9 Dodging
 + Level 6.7 Stealth


You had 9 spell levels left.
You didn't know any spells.
Your spell library was empty.

Dungeon Overview and Level Annotations

Branches:
Dungeon (9/15)             Temple (0/1) D:5
   Lair: D:8-11         Orc: D:9-12

Altars:
Ashenzari
Dithmenos
Fedhas
Gozag
Nemelex Xobeh
Sif Muna
Wu Jian
Zin
The Shining One

Shops:
D:1 [   D:3 :   D:5 (


Innate Abilities, Weirdness & Mutations

You are immune to sickness and miasma.
Your stone body is resilient. (AC +7)
You are immune to poison.
You resist negative energy. (rN+)
You are resistant to electric shocks. (rElec)
You are resistant to unholy torment.
You are immune to petrification.


Message History

A killer bee comes into view.
An orc wizard comes into view. It is wielding a +1 dagger of freezing.
An orc warrior comes into view. It is wielding a +0 trident.
A bullfrog comes into view.
The orc wizard gestures at you while chanting.
The magic dart hits you but does no damage.
You see here 8 gold pieces.
You now have 337 gold pieces (gained 8).
An orc comes into view. It is wielding a +0 mace.
The orc shouts!
You hit the two-headed ogre but do no damage.
You hear a shout!
You thump the two-headed ogre! You freeze the two-headed ogre.
The two-headed ogre is moderately wounded.
The orc wizard casts a spell.
The orc wizard flickers and vanishes!
Deactivating autopickup; reactivate with Ctrl-A.
The two-headed ogre hits you with a +0 giant club!
The two-headed ogre barely misses you.
You hear a croak.
You barely miss the two-headed ogre.
The two-headed ogre is lightly wounded.
You feel your willpower return. The two-headed ogre barely misses you.
The two-headed ogre hits you with a +0 giant spiked club!!
The killer bee buzzes angrily.
You hit the two-headed ogre. You freeze the two-headed ogre.
The two-headed ogre is moderately wounded.
You hear a shout!
An orc comes into view. It is wielding a +0 club.
You barely miss the two-headed ogre.
The two-headed ogre is moderately wounded.
The two-headed ogre hits you with a +0 giant club!
* * * LOW HITPOINT WARNING * * *
The two-headed ogre hits you with a +0 giant spiked club.
* * * LOW HITPOINT WARNING * * *
A red film seems to cover your vision as you go berserk!
You feel yourself moving faster!
You feel mighty!
The two-headed ogre hits you with a +0 giant club!
You die...

#.#####.# #.##....#
#.##.##.####
#.##.......#
#.......##.#
##.#.##.##.####.#
##
#...##.........#..#
#...##.##.#####..#
#.>......@####..#
#......###O....#
##.##### #oy...#
#.. #..F..#
........#
###...o.#.#
#.###.#..# #.. .#
..# #.. .. ..


You could see a two-headed ogre, a bullfrog, a killer bee and 2 orcs.

Vanquished Creatures
  The ghost of lonewolfV2 the Ducker, a novice FoFi (D:6)
  Maurice (D:8)
  Maggie (D:6)
  Sigmund (D:4)
  A steam dragon (D:8)
  A water moccasin (D:7)
  An ice beast (D:6)
  An ogre (D:6)
  2 orc warriors
  A sky beast (D:8)
  2 centaurs
  A kobold brigand (D:6)
  A gnoll sergeant (D:6)
  Blork the orc (D:6)
  6 scorpions
  2 bullfrogs
  15 wights
  3 killer bees (D:8)
  3 howler monkeys
  An electric eel (D:7)
  7 hounds
  2 jellies
  2 orc priests
  A sleepcap (D:5)
  An iguana (D:7)
  8 orc wizards
  3 gnolls (D:6)
  Robin (D:4)
  4 adders
  A shadow imp (D:6)
  5 white imps
  2 ufetubi
  4 worms
  A dart slug (D:3)
  27 orcs
  6 ball pythons
  9 endoplasms
  3 giant cockroaches
  18 goblins
  7 hobgoblins
  6 kobolds
  A quokka (D:1)
  4 bats
  4 frilled lizards
  6 rats
179 creatures vanquished.

Notes
Turn   | Place    | Note
-------+----------+-------------------------------------------
     0 | D:1      | KittyFluff the Gargoyle Berserker began the quest for the
                  | Orb.
     0 | D:1      | Reached XP level 1. HP: 14/14 MP: 1/1
   144 | D:1      | Reached XP level 2. HP: 19/19 MP: 2/2
   506 | D:1      | Found Lahirum's Armour Shoppe.
   666 | D:1      | Reached XP level 3. HP: 23/23 MP: 3/3
   822 | D:2      | Reached ** piety under Trog
   852 | D:2      | Reached skill level 1 in Stealth
   944 | D:2      | Found a sparkling altar of Nemelex Xobeh.
  1358 | D:3      | Found Xamieza's Vocational Training.
  1384 | D:3      | Reached skill level 3 in Armour
  1909 | D:4      | Reached XP level 4. HP: 28/28 MP: 4/4
  1966 | D:4      | Noticed Robin
  1980 | D:4      | Killed Robin
  2011 | D:4      | Reached XP level 5. HP: 22/33 MP: 5/5
  2181 | D:4      | Found a shadowy altar of Dithmenos.
  2181 | D:4      | Found a glowing silver altar of Zin.
  2181 | D:4      | Found an ornate altar of the Wu Jian Council.
  2182 | D:4      | Found a blossoming altar of Fedhas.
  2182 | D:4      | Found a broken altar of Ashenzari.
  2198 | D:4      | Noticed Sigmund
  2221 | D:4      | Killed Sigmund
  2222 | D:4      | Reached skill level 4 in Armour
  2222 | D:4      | Reached XP level 6. HP: 24/38 MP: 6/6
  2766 | D:5      | Entered Level 5 of the Dungeon
  2847 | D:5      | Reached XP level 7. HP: 33/44 MP: 7/7
  2853 | D:5      | Reached skill level 5 in Maces & Flails
  2921 | D:5      | Found a staircase to the Ecumenical Temple.
  2985 | D:5      | Reached skill level 5 in Armour
  3074 | D:5      | Found Vergheam's Antique Weapon Shoppe.
  3124 | D:5      | Bought an ichor-stained flail for 229 gold pieces
  3124 | D:5      | Identified the +4 flail "Gubinuekk" {freeze, Will+ Dex+3}
                  | (You bought it in a shop on level 5 of the Dungeon)
  3329 | D:5      | Reached *** piety under Trog
  3405 | D:5      | Found a glowing golden altar of the Shining One.
  3618 | D:5      | Reached XP level 8. HP: 39/48 MP: 8/8
  3823 | D:6      | Reached skill level 5 in Fighting
  3940 | D:6      | Reached skill level 6 in Armour
  4179 | D:6      | Noticed Maggie
  4191 | D:6      | Killed Maggie
  4233 | D:6      | Found an opulent altar of Gozag.
  4321 | D:6      | Reached XP level 9. HP: 54/54 MP: 9/9
  4341 | D:6      | Reached skill level 7 in Armour
  4341 | D:6      | Reached skill level 5 in Stealth
  4462 | D:6      | Found a shimmering blue altar of Sif Muna.
  4624 | D:6      | Found a runed translucent door.
  4629 | D:6      | Noticed lonewolfV2's ghost (novice FoFi)
  4645 | D:6      | Killed lonewolfV2's ghost
  4730 | D:6      | Noticed Blork the orc
  4741 | D:6      | Killed Blork the orc
  4898 | D:6      | Reached **** piety under Trog
  5248 | D:7      | Reached skill level 8 in Armour
  5818 | D:7      | Reached XP level 10. HP: 58/61 MP: 10/10
  6215 | D:8      | Noticed Maurice
  6229 | D:8      | Killed Maurice
  6648 | D:8      | Reached skill level 9 in Armour
  6869 | D:9      | Noticed a two-headed ogre
  6882 | D:9      | Slain by a two-headed ogre

Illustrated notes

Levels and vault maps discovered:
D:1:      dpeg_arrival_pond, layout_basic, serial_shops, nicolae_shop_trees,
          minmay_pentomino_u2
D:2:      layout_basic, basic_altar
D:3:      layout_basic, chequers_serial_rivers_micro_d, minmay_misc_feat_roman,
          corexii_leaking_fountain, nicolae_shop_vocational
D:4:      layout_loops_ring, grunt_temple_overflow_open, abandoned_shop,
          grunt_decor_clamped, uniq_robin, uniq_sigmund
D:5:      nicolae_cairo_tiling_large, layout_loops_ring,
          mainiacjoe_overflow_alcove_2, temple_fountains, serial_shops,
          shop_statue, hellmonk_no_cap
D:6:      layout_loops_corners, grunt_gozag_breadcrumbs,
          mainiacjoe_overflow_paths, ebering_ghost_reflecting_pool,
          grunt_ministairs_8, uniq_blork_the_orc, uniq_maggie
D:7:      layout_basic, minivault_4, minmay_a_box_with_orc_wizards_in_it
D:8:      layout_rooms, uniq_maurice
D:9:      minmay_the_grid_octo_triangle [minmay_the_grid_octo_shrine,
          minmay_the_grid_octo_prize_ultimate_mussel_roller,
          minmay_the_grid_octo_fat_diamond], layout_loops_cross,
          gammafunk_temple_of_torment, cheibrodos_worm_habitat, david_orc_4,
          uniq_erica

Skill      XL: |  1  2  3  4  5  6  7  8  9 10 |
---------------+-------------------------------+-----
Stealth        | 1 2 3 4 6 |  6.7
Dodging        | 2 3 4 |  4.9
Armour         | 3 4 5 6 8 9 |  9.1
Maces & Flails | 4 5 6 8 |  8.7
Fighting       | 4 5 6 7 |  7.0

Action                     |  1- 3 |  4- 6 |  7- 9 | 10-12 || total
---------------------------+-------+-------+-------+-------++-------
  Melee: Mace              |   117 |   109 |    44 |       ||   270
         Punch             |     1 |       |     4 |       ||     5
         Flail             |       |       |   206 |    86 ||   292
  Throw: Dart              |       |       |       |     2 ||     2
 Invoke: Berserk           |       |     1 |     1 |     1 ||     3
    Use: Scroll            |     1 |       |       |     5 ||     6
   Stab: Sleeping          |     1 |       |     4 |     7 ||    12
         Distracted        |       |       |     1 |       ||     1
 Armour: Animal skin       |    35 |       |       |       ||    35
         Leather armour    |     6 |    56 |    75 |       ||   137
         Robe              |       |       |    33 |    32 ||    65
         Steam dragon scal |       |       |       |     1 ||     1
  Dodge: Dodged            |    77 |    66 |   156 |    43 ||   342
